 Dungeon Crawl Stone Soup version 0.27-a0-909-g0721f309d1 (webtiles) character file.

Game seed: 12805904187475273599

4 jasper the Charlatan (level 1, 0/15 HPs)
             Began as a Demonspawn Artificer on Apr 9, 2021.
             Slain by a ball python (2 damage)
             ... on level 1 of the Dungeon.
             The game lasted 00:00:17 (93 turns).

jasper the Charlatan (Demonspawn Artificer)           Turns: 93, Time: 00:00:18

Health: 0/15       AC:  4    Str: 12    XL:     1   Next: 58%
Magic:  1/1        EV: 11    Int: 12    God:
Gold:   14         SH:  0    Dex: 13    Spells: 0/0 levels left

rFire    . . .     SeeInvis .   a - +0 club
rCold    . . .     Faith    .   (no shield)
rNeg     . . .     Spirit   .   b - +0 leather armour
rPois    .         Reflect  .   (no helmet)
rElec    .         Harm     .   f - +0 cloak
rCorr    .         Rampage  .   (no gloves)
Will     .....                  (no boots)
Stlth    +.........             (no amulet)
HPRegen  0.05/turn              (no ring)
MPRegen  0.07/turn              (no ring)

@: no status effects
A: no striking features
a: no special abilities


You were on level 1 of the Dungeon.
You visited 1 branch of the dungeon, and saw 1 of its levels.

You collected 14 gold pieces.

Inventory:

Hand Weapons
 a - a +0 club (weapon)
Armour
 b - a +0 leather armour (worn)
 f - a +0 cloak (worn)
Wands
 c - a wand of flame (12) (quivered)
 d - a wand of charming (15)
 e - a wand of random effects (15)


   Skills:
 - Level 1.0 Fighting
 + Level 1.0 Maces & Flails
 - Level 1.7 Armour
 - Level 0.8 Dodging
 - Level 0.8 Stealth
 - Level 3.0 Evocations


You couldn't memorise any spells.
You didn't know any spells.
Your spell library was empty.

Dungeon Overview and Level Annotations

Branches:
Dungeon (1/15)

Altars:


Message History

The jackal misses you. x2
You hit the jackal.
You kill the jackal!
The jackal closely misses you.
You barely miss the jackal.
The jackal bites you but does no damage.
The jackal bites you.
* * * LOW HITPOINT WARNING * * *
You completely miss the jackal. The jackal barely misses you.
The jackal misses you.
You closely miss the jackal. The jackal closely misses you.
You hit the jackal but do no damage.
The jackal bites you but does no damage.
The jackal closely misses you.
You take 2 damage, and have 4/15 hp.
You closely miss the jackal. The jackal barely misses you. x2
You hit the jackal but do no damage. The jackal closely misses you.
The jackal barely misses you.
Aiming: Throw Flame
Press: ? - help, Q - select action, (/) - cycle Shift-Dir - straight line, f/p - jackal
Aim: a jackal (36% to evade)
The puff of flame hits the jackal!
You kill the jackal!
The jackal bites you.
* * * LOW HITPOINT WARNING * * *
You take 3 damage, and have 1/15 hp.
Aiming: Throw Flame
Press: ? - help, Q - select action, (/) - cycle Shift-Dir - straight line, f - jackal
Aim: a jackal (moderately wounded, 36% to evade)
The puff of flame hits the jackal.
You kill the jackal!
The jackal barely misses you.
Your Maces & Flails skill increases to level 1!
Aiming: Throw Flame
Press: ? - help, Q - select action, (/) - cycle Shift-Dir - straight line, f - jackal
Aim: a jackal (36% to evade)
The puff of flame hits the jackal!
You kill the jackal!
The ball python bites you.
You die...

##.##..#####
##.#.#......#
##.###........
#.## ##.......
######.###.#.....#
#.......#.##.....#
#.######.###.##.##
#.# ##....##.# #@#
#.#####.## #S# #.#
#...


#hh ... #..# ghh. ##### #..# ..... .##..# ....... ...... _....... .##..#
###....#.# #..# ##..# You could see 4 jackals, a hobgoblin and a ball python.

Vanquished Creatures
  4 jackals (D:1)
  A frilled lizard (D:1)
5 creatures vanquished.

Notes
Turn   | Place    | Note
-------+----------+-------------------------------------------
     0 | D:1      | jasper the Demonspawn Artificer began the quest for the
                  | Orb.
     0 | D:1      | Reached XP level 1. HP: 15/15 MP: 1/1
    65 | D:1      | Found a faded altar of an unknown god.
    93 | D:1      | Reached skill level 1 in Maces & Flails
    93 | D:1      | Slain by a ball python

Illustrated notes

Levels and vault maps discovered:
D:1:      minmay_arrival_nine_rooms, layout_loops_ring,
          ebering_ecumenical_altar_abandoned, minmay_door_square, hex_tiny,
          minmay_splitting_lines

Skill      XL: |  1 |
---------------+----+-----
Maces & Flails | 1 |  1.0
Fighting       | |  1.0
Armour         | |  1.7
Dodging        | |  0.8
Stealth        | |  0.8
Evocations     | |  3.0

Action                   || total
-------------------------++-------
Melee: Club              ||    25
Evoke: Wand              ||     3
Armor: Leather armour    ||     9
Dodge: Dodged            ||    29

Table legend: (Time is in decaauts)
 A = Elapsed time spent in this place.
 B = Non-inter-level travel time spent in this place.
 C = Inter-level travel time spent in this place.
 D = Time resting spent in this place.
 E = Time spent auto-exploring this place.
 F = Levels seen in this place.
 G = Mean time per level.
                   A        B        C        D        E       F      G
               +--------+--------+--------+--------+--------+-----+--------+
         Total |    100 |    100 |      0 |      0 |     45 |   1 |  100.0 |
       Dungeon |    100 |    100 |      0 |      0 |     45 |   1 |  100.0 |
               +--------+--------+--------+--------+--------+-----+--------+

Top non-repeatable levels by time:
     D:1: 100 daAuts
